 Dungeon Crawl Stone Soup version 0.21.1-1-g345015f (webtiles) character file.

42 Larett the Sneak (level 3, 0/24 HPs)
             Began as an Octopode Assassin on Feb 16, 2018.
             Slain by an orc wizard
             ... wielding a +0 dagger
              (4 damage)
             ... on level 2 of the Dungeon.
             The game lasted 00:01:54 (940 turns).

Larett the Sneak (Octopode Assassin)                 Turns: 940, Time: 00:01:54

Health: 0/24       AC:  1    Str: 10    XL:     3   Next: 56%
Magic:  3/3        EV: 13    Int: 13    God:
Gold:   103        SH:  0    Dex: 14    Spells: 2/2 levels left

rFire    . . .     SeeInvis .   a - +2 dagger
rCold    . . .     Gourm    .   (no shield)
rNeg     . . .     Faith    .   (helmet restricted)
rPois    .         Spirit   .   (no amulet)
rElec    .         Reflect  .   (no ring)
rCorr    .         Harm     .   (no ring)
MR       .....                  (no ring)
Stlth    +++++.....             (no ring)
HPRegen  0.08/turn              (no ring)
MPRegen  0.08/turn              (no ring)
                                (no ring)
                                (no ring)

@: slowed, very slow
A: almost no armour, stealthy swim, amphibious, 8 rings, constrict 8, camouflage
1, gelatinous body 1
a: no special abilities


You were on level 2 of the Dungeon.
You were not hungry.

You visited 1 branch of the dungeon, and saw 2 of its levels.

You collected 103 gold pieces.

Inventory:

Hand Weapons
 a - a +2 dagger (weapon)
 q - a +0 blowgun
 w - a +1 whip of electrocution
Missiles
 c - 8 poisoned needles
 d - 2 curare-tipped needles
 u - 41 arrows
 y - 22 bolts
 z - 49 stones (quivered)
 D - 3 javelins
 G - 6 poisoned javelins
Scrolls
 r - a scroll of enchant weapon {unknown}
 v - 3 scrolls of identify {unknown}
 x - 3 scrolls of fear {unknown}
 B - a scroll of teleportation {unknown}
 C - a scroll of blinking {unknown}
 E - a scroll of enchant armour {unknown}
Potions
 t - a potion of degeneration {unknown}
 A - a potion of lignification {unknown}
 F - a potion of curing {unknown}
 H - a potion of heal wounds {unknown}
Comestibles
 f - a ration
 s - 2 chunks of flesh


   Skills:
 - Level 2.0 Fighting
 - Level 2.0 Short Blades
 - Level 2.0 Throwing
 - Level 1.0 Dodging
 + Level 7.2 Stealth


You had 2 spell levels left.
You didn't know any spells.

Dungeon Overview and Level Annotations

Branches:
Dungeon (2/15)

Altars:


Innate Abilities, Weirdness & Mutations

You cannot wear most types of armour.
You are very stealthy in the water. (Stealth+)
You are amphibious.
You can wear up to eight rings at the same time.
You can use your tentacles to constrict eight enemies at once.
Your skin changes colour to match your surroundings (Stealth+).
Your rubbery body absorbs attacks. (AC +1, EV +1)


Message History

The orc wizard is moderately wounded.
You constrict the orc wizard, but do no damage.
The orc wizard hits you with a dagger. The orc wizard closely misses you.
You hit the orc wizard but do no damage.
The orc wizard is moderately wounded.
You constrict the orc wizard. The orc wizard completely misses you.
The orc wizard hits you with a dagger.
The orc wizard casts a spell.
The orc wizard blinks!
You barely miss the orc wizard.
The orc wizard is heavily wounded.
You constrict the orc wizard. The orc wizard hits you with a dagger.
* * * LOW HITPOINT WARNING * * *
The orc wizard hits you with a dagger.
* * * LOW HITPOINT WARNING * * *
You hit the orc wizard but do no damage.
The orc wizard is heavily wounded.
You constrict the orc wizard. The orc wizard closely misses you.
The orc wizard hits you with a dagger.
You die... ## ##. ####.. ####### #..... ..... ##.###. ...o #..##.. oo#

#.###.# #o# #.#
#..
#@##########.###..
#.................
#....#######.##.#.
#.##...##.......##
#.####.##.###.###.
#.# #....# #.# #.
..# ##.#####.# #.
### .........###.
###### #.....


You could see 2 orc wizards and 2 orcs.

Vanquished Creatures
  An ooze (D:1)
  2 worms (D:2)
  A dart slug (D:1)
  2 bats (D:1)
  2 goblins (D:1)
  9 hobgoblins
  7 kobolds (D:1)
  A frilled lizard (D:1)
  3 rats (D:1)
28 creatures vanquished.

Notes
Turn   | Place    | Note
-------+----------+-------------------------------------------
     0 | D:1      | Larett the Octopode Assassin began the quest for the Orb.
     0 | D:1      | Reached XP level 1. HP: 14/14 MP: 1/1
     6 | D:1      | Noticed a hog
     6 | D:1      | Noticed a rime drake
     7 | D:1      | Noticed a crocodile
     7 | D:1      | Noticed a black mamba
   216 | D:1      | Reached XP level 2. HP: 19/19 MP: 2/2
   223 | D:1      | Reached skill level 6 in Stealth
   455 | D:1      | Reached XP level 3. HP: 24/24 MP: 3/3
   558 | D:1      | Reached skill level 7 in Stealth
   940 | D:2      | Slain by an orc wizard

Skill      XL: |  1  2  3 |
---------------+----------+-----
Stealth        | 6 7 |  7.2
Fighting       | |  2.0
Short Blades   | |  2.0
Throwing       | |  2.0
Dodging        | |  1.0

Action                   || total
-------------------------++-------
Melee: Dagger            ||    48
       Constrict         ||     7
       Tentacles         ||     7
 Stab: Sleeping          ||    12
       Distracted        ||     1
Armor: Skin              ||     3
Dodge: Dodged            ||    23
